 Dungeon Crawl Stone Soup version 0.21.1-1-g345015fe64 (webtiles) character file.

463 Kohma the Sneak (level 7, -4/36 HPs)
             Began as a Vine Stalker Assassin on July 12, 2018.
             Slain by Analysis's ghost (13 damage)
             ... on level 4 of the Dungeon.
             The game lasted 00:10:43 (3263 turns).

Kohma the Sneak (Vine Stalker Assassin)             Turns: 3263, Time: 00:10:43

Health: -4/36      AC:  6    Str: 13    XL:     7   Next: 7%
Magic:  0/8        EV: 11    Int: 13    God:
Gold:   287        SH:  0    Dex: 16    Spells: 6/6 levels left

rFire    . . .     SeeInvis .   a - +6 dagger
rCold    . . .     Gourm    +   (no shield)
rNeg     . . .     Faith    .   m - +0 leather armour
rPois    .         Spirit   +   (no helmet)
rElec    .         Reflect  .   d - +0 cloak
rCorr    .         Harm     .   (no gloves)
MR       .....                  y - +1 pair of boots
Stlth    +++.......             i - amulet of the gourmand
HPRegen  0.52/turn              (no ring)
MPRegen  0.11/turn              (no ring)

@: no status effects
A: fangs 2, regeneration 1, magic shield, antimagic bite, no potion heal 3, rot
immunity
a: no special abilities


You were on level 4 of the Dungeon.
You were full.

You visited 1 branch of the dungeon, and saw 4 of its levels.

You collected 287 gold pieces.

Inventory:

Hand Weapons
 a - a +6 dagger (weapon)
 b - a +1 blowgun
 k - a +0 dagger of electrocution
 x - a +2 dagger
Missiles
 e - 7 poisoned needles
 f - 2 curare-tipped needles {!f}
 s - 3 javelins of penetration (quivered)
 w - a throwing net
Armour
 d - a +0 cloak (worn)
 m - a +0 leather armour (worn)
 y - a +1 pair of boots (worn)
Jewellery
 i - an amulet of the gourmand (around neck)
 u - an uncursed amulet of faith
Scrolls
 c - 9 scrolls of identify
 j - a scroll of immolation
 q - 2 scrolls of blinking
 A - 2 scrolls of teleportation
Potions
 o - 2 potions of heal wounds
 p - a potion of ambrosia {unknown}
 v - a potion of curing {unknown}
 z - 2 potions of flight {unknown}
Comestibles
 g - 5 rations


   Skills:
 + Level 3.3 Fighting
 * Level 4.4 Short Blades
 + Level 3.3 Throwing
 - Level 0.7 Dodging
 + Level 6.3 Stealth


You had 6 spell levels left.
You didn't know any spells.

Dungeon Overview and Level Annotations

Branches:
Dungeon (4/15)
 Temple: D:4-7

Altars:
Elyvilon
Gozag
Hepliaklqana
Kikubaaqudgha
Nemelex Xobeh
Ru
Sif Muna
Vehumet

Annotations:
D:4 Analysis's ghost, amateur GrFi


Innate Abilities, Weirdness & Mutations

You have extremely sharp teeth.
Your natural rate of healing is unusually fast.
When hurt, damage is shared between your health and your magic reserves.
Your bite disrupts and absorbs the magic of your enemies.
Potions cannot restore your health.
You are immune to rotting.


Message History

You bite Analysis's ghost, but do no damage.
Analysis's ghost is almost destroyed.
You barely miss Analysis's ghost.
You bite Analysis's ghost, but do no damage.
Analysis's ghost is almost destroyed.
Analysis's ghost hits you but does no damage.
You hit Analysis's ghost but do no damage.
Analysis's ghost is almost destroyed.
Analysis's ghost closely misses you.
You hit Analysis's ghost but do no damage.
You bite Analysis's ghost, but do no damage.
Analysis's ghost is almost destroyed.
Analysis's ghost hits you!
* * * LOW HITPOINT WARNING * * *
You completely miss Analysis's ghost.
Analysis's ghost is almost destroyed.
You barely miss Analysis's ghost.
Analysis's ghost is almost destroyed.
Analysis's ghost hits you!
You die...

#.# # #.# # #.# #
######.####### #.............
.. ############.....#####... #.
#...[.........>..........
#.#####.##########.....#####...
#............W@........##......
#..###.#.###########.####.###.#
#..# #.#.# #(# #.###.#
#.###.#.# #.# #.#....
####.....#.# #.# ##.#.#..
....##.###.# #.###....#..
###.##.# #.# #.....#.....
#.##.# #.# #####.<..#..
#.##.###(# ##.#.#..


You could see Analysis's ghost.

Vanquished Creatures
  Grinder (D:4)
  A hound (D:4)
  An iguana (D:4)
  5 gnolls
  7 adders
  3 worms
  2 dart slugs
  3 leopard geckos (D:2)
  12 bats
  3 giant cockroaches
  5 goblins
  9 hobgoblins
  7 jackals
  4 quokkas
  4 frilled lizards
  A jackal skeleton (D:4)
  14 kobolds
  10 rats
92 creatures vanquished.

Notes
Turn   | Place    | Note
-------+----------+-------------------------------------------
     0 | D:1      | Kohma the Vine Stalker Assassin began the quest for the Orb.
     0 | D:1      | Reached XP level 1. HP: 11/11 MP: 2/2
   150 | D:1      | Reached XP level 2. HP: 15/15 MP: 3/3
   220 | D:1      | Reached skill level 5 in Stealth
   534 | D:1      | Reached XP level 3. HP: 18/18 MP: 4/4
  1294 | D:2      | Found a hazy altar of Hepliaklqana.
  1322 | D:2      | Gained mutation: Your natural rate of healing is unusually fast. [Vine Stalker growth]
  1322 | D:2      | Reached XP level 4. HP: 13/23 MP: 5/5
  1487 | D:2      | Found a sacrificial altar of Ru.
  2218 | D:3      | Reached XP level 5. HP: 27/27 MP: 6/6
  2392 | D:3      | Found a sparkling altar of Nemelex Xobeh.
  2559 | D:3      | Found an ancient bone altar of Kikubaaqudgha.
  2581 | D:3      | Found a deep blue altar of Sif Muna.
  2583 | D:3      | Found a radiant altar of Vehumet.
  2587 | D:3      | Identified Sif Muna's Papyrus of Moulding
  2718 | D:4      | Found an opulent altar of Gozag.
  2873 | D:4      | Noticed Grinder
  2892 | D:4      | Killed Grinder
  2892 | D:4      | Reached skill level 6 in Stealth
  2892 | D:4      | Reached XP level 6. HP: 4/32 MP: 2/7
  3037 | D:4      | Reached XP level 7. HP: 29/36 MP: 6/8
  3125 | D:4      | Found a white marble altar of Elyvilon.
  3202 | D:4      | Noticed Analysis's ghost (amateur GrFi)
  3263 | D:4      | Slain by Analysis's ghost

Skill      XL: |  1  2  3  4  5 |
---------------+----------------+-----
Short Blades   | 2 3 4 |  4.4
Stealth        | 5 6 |  6.3
Fighting       | 2 3 |  3.3
Throwing       | 2 3 |  3.3
Dodging        | |  0.7

Action                   |  1- 3 |  4- 6 |  7- 9 || total
-------------------------+-------+-------+-------++-------
Melee: Dagger            |   109 |   131 |    51 ||   291
       Bite              |    20 |    28 |    22 ||    70
 Fire: Blowgun           |     4 |     4 |       ||     8
  Use: Scroll            |       |     9 |       ||     9
 Stab: Sleeping          |    13 |    14 |       ||    27
  Eat: Chunk             |     1 |     6 |     6 ||    13
Armor: Leather armour    |    26 |    17 |     8 ||    51
       Robe              |     3 |       |       ||     3
Dodge: Dodged            |    63 |    65 |    18 ||   146
